 Dungeon Crawl Stone Soup version 0.30-a0-800-g7c544603b3 (webtiles) character file.

Game seed: 16240074386136600045

810 Iich the Cleaver (level 7, 0/64 HPs)
             Began as a Hill Orc Fighter on Feb 22, 2023.
             Was an Initiate of Gozag.
             Slain by Maggie
             ... wielding a +1 scimitar of flaming
              (14 damage)
             ... on level 6 of the Dungeon.
             The game lasted 00:06:08 (4391 turns).

Iich the Cleaver (Hill Orc Fighter)                 Turns: 4391, Time: 00:06:09

Health: 0/64       AC: 12    Str: 19    XL:     7   Next: 92%
Magic:  7/7        EV: 10    Int: 14    God:    Gozag
Gold:   140        SH:  9    Dex: 12    Spells: 6/6 levels left

rFire   . . .      SeeInvis .    a - +0 war axe
rCold   . . .      Faith    .    c - +0 buckler
rNeg    . . .      Spirit   .    i - +0 acid dragon scales
rPois   .          Reflect  +    o - +0 helmet
rElec   .          Harm     .    j - +2 cloak
rCorr   +          Rampage  .    (no gloves)
Will    .....                    x - +0 pair of boots
Stlth   +                        g - amulet of reflection
HPRegen 0.30/turn                p - +6 ring of intelligence
MPRegen 0.10/turn                B - ring of flight

@: lethally poisoned (0 -> -9), about to teleport, flying, mesmerised
A: no striking features
a: Renounce Religion, Potion Petition, Call Merchant, Bribe Branch


You were on level 6 of the Dungeon.
You worshipped Gozag.
Gozag was aware of your devotion.
You visited 1 branch of the dungeon, and saw 6 of its levels.

You collected 195 gold pieces.
You paid 55 gold pieces to Gozag.

Inventory:

Hand Weapons
 a - a +0 war axe (weapon)
Missiles
 t - a throwing net (quivered)
Armour
 b - a +0 scale mail
 c - a +0 buckler (worn)
 i - +0 acid dragon scales (worn)
 j - a +2 cloak (worn)
 o - a +0 helmet (worn)
 w - a +0 chain mail
 x - a +0 pair of boots (worn)
Jewellery
 g - an amulet of reflection (around neck)
 n - a ring of fire
 p - a +6 ring of intelligence (left hand)
 B - a ring of flight (right hand)
Wands
 y - a wand of flame (17)
Scrolls
 f - 3 scrolls of brand weapon
 h - a scroll of torment
 k - a scroll of fear
 l - a scroll of fog
 q - a scroll of teleportation
 u - a scroll of poison
 v - a scroll of butterflies
 A - a scroll of immolation
Potions
 d - a potion of might
 e - a potion of flight {unknown}
 m - a potion of curing
 r - a potion of ambrosia
 s - a potion of attraction
 z - a potion of mutation {unknown}
 C - a potion of heal wounds {unknown}
 D - a potion of degeneration {unknown}
 E - a potion of lignification {unknown}


   Skills:
 + Level 6.9 Fighting
 * Level 9.6 Axes
 - Level 3.2 Armour
 - Level 3.2 Shields


You had 6 spell levels left.
You didn't know any spells.
Your spell library contained the following spells:

 Spells                   Type           Power      Damage    Failure   Level
 Apportation              Tloc           0%         N/A       45%         1
 Kiss of Death            Conj/Necr      0%         2d5       45%         1
 Confusing Touch          Hex            0%         N/A       83%         3
 Dispel Undead            Necr           0%         3d6       99%         4
 Alistair's Intoxication  Tmut/Pois      0%         N/A       100%        5
 Conjure Ball Lightning   Conj/Air       0%         3x3d6     100%        6
 Discord                  Hex            0%         N/A       100%        8
 Disjunction              Tloc           0%         N/A       100%        8


Dungeon Overview and Level Annotations

Branches:
Dungeon (6/15)
 Temple: D:4-7

Altars:
Gozag
Ru
Vehumet
Wu Jian
Zin

Shops:
D:3 =

Annotations:
D:6 Maggie, Menkaure


Message History

You slash the scorpion!
Maggie hits you with a +1 scimitar of flaming.
Maggie burns you.
The scorpion stings you but does no damage.
You slash Maggie!
Maggie is severely wounded.
You slash the scorpion! You block the scorpion's attack.
Maggie hits you with a +1 scimitar of flaming!
Maggie burns you.
* * * LOW HITPOINT WARNING * * *
Menkaure, Prince of Dust comes into view.
You hit Maggie but do no damage.
Maggie is severely wounded.
You barely miss the scorpion. You block the scorpion's attack.
Maggie says, "Leave now, and tell all of Margery's mercy!"
Maggie casts a spell.
Maggie attempts to bespell you!
You are mesmerised by Maggie!
An orc comes into view. It is wielding a +0 flail.
You hit Maggie but do no damage.
Maggie is severely wounded.
You closely miss the scorpion. You block the scorpion's attack.
Maggie hits you with a +1 scimitar of flaming.
* * * LOW HITPOINT WARNING * * *
Maggie burns you.
* * * LOW HITPOINT WARNING * * *
The scorpion stings you but does no damage.
As you read the scroll of teleportation, it crumbles to dust.
You feel strangely unstable. You block Maggie's attack.
The scorpion stings you.
* * * LOW HITPOINT WARNING * * *
You are poisoned.
The scorpion poisons you!
You slash Maggie!
Maggie is almost dead.
You barely miss the scorpion.
You feel very sick.
Maggie hits you with a +1 scimitar of flaming!
You die...
Your body crumbles into a pile of gold.

.......
.....
.... .o#
##
##..#....
#<.......
#M#.#!...
#s# # .
#@# #@#
#.# #.#
#.. ###


You could see Maggie (mesmerising), Menkaure, a scorpion and an orc.

Vanquished Creatures
  An ice beast (D:5)
  2 ogres
  A scorpion (D:5)
  A jelly (D:5)
  3 hounds
  Terence (D:3)
  An iguana (D:4)
  Robin (D:2)
  14 gnolls
  3 adders
  3 river rats (D:5)
  An ufetubus (D:5)
  2 worms (D:2)
  2 dart slugs
  7 orcs
  4 bats
  14 endoplasms
  2 giant cockroaches
  19 goblins
  5 hobgoblins
  4 jackals (D:1)
  3 quokkas
  5 ball pythons
  2 frilled lizards (D:2)
  7 kobolds
  2 rats
  2 bushes
112 creatures vanquished.

Vanquished Creatures (others)
  28 plants
28 creatures vanquished.

Grand Total: 140 creatures vanquished

Notes
Turn   | Place    | Note
-------+----------+-------------------------------------------
     0 | D:1      | Iich the Hill Orc Fighter began the quest for the Orb.
     0 | D:1      | Reached XP level 1. HP: 19/19 MP: 1/1
    78 | D:1      | Reached skill level 3 in Axes
   160 | D:1      | Reached XP level 2. HP: 15/27 MP: 2/2
   736 | D:1      | Reached skill level 4 in Axes
   740 | D:1      | Reached XP level 3. HP: 31/33 MP: 3/3
  1162 | D:2      | Noticed Robin
  1173 | D:2      | Killed Robin
  1177 | D:2      | Reached XP level 4. HP: 17/41 MP: 4/4
  1351 | D:2      | Reached skill level 5 in Axes
  2040 | D:3      | Identified the +1 short sword "Maidos" {heavy, Drain rPois
                  | MP+9 Dex+2}
  2135 | D:3      | Noticed Terence
  2147 | D:3      | Killed Terence
  2148 | D:3      | Reached XP level 5. HP: 16/47 MP: 5/5
  2358 | D:3      | Reached skill level 5 in Fighting
  2358 | D:3      | Reached skill level 6 in Axes
  2396 | D:3      | Found Qakuum's Jewellery Shoppe.
  2882 | D:3      | Reached XP level 6. HP: 56/56 MP: 6/6
  3176 | D:4      | Reached skill level 7 in Axes
  3259 | D:4      | Found a radiant altar of Vehumet.
  3275 | D:4      | Found a sacrificial altar of Ru.
  3559 | D:5      | Entered Level 5 of the Dungeon
  3561 | D:5      | Noticed an ice beast
  3569 | D:5      | Killed an ice beast
  3570 | D:5      | Reached skill level 8 in Axes
  3570 | D:5      | Reached XP level 7. HP: 63/63 MP: 7/7
  3670 | D:5      | Reached skill level 9 in Axes
  4197 | D:5      | Found an opulent altar of Gozag.
  4197 | D:5      | Found an ornate altar of the Wu Jian Council.
  4259 | D:5      | Found a glowing silver altar of Zin.
  4312 | D:5      | Became a worshipper of Gozag Ym Sagoz the Greedy
  4377 | D:6      | Noticed Maggie
  4387 | D:6      | Noticed Menkaure
  4391 | D:6      | Slain by Maggie

Illustrated notes

Levels and vault maps discovered:
D:1:      elethiomel_arrival_shortcut, layout_rooms, serial_forest,
          infiniplex_forest_clump_double, infiniplex_forest_side_room,
          infiniplex_forest_diagonal, infiniplex_forest_lined_room_3,
          infiniplex_forest_lined_2, infiniplex_forest_lined_room_3,
          infiniplex_forest_lined_room_3, serial_park_tiny_2
D:2:      layout_basic, uniq_robin
D:3:      layout_loops_corners, serial_shops, shop, uniq_terence
D:4:      layout_rooms, mainiacjoe_overflow_catwalk_spiral
D:5:      wad_woods_settlement, layout_basic,
          gammafunk_temple_overflow_forgotten
D:6:      layout_basic, nicolae_qazlal_style_of_elements,
          minmay_temple_entry_steel_oval, portal_sewer_entry_e, uniq_maggie,
          uniq_blork_the_orc, uniq_eustachio, uniq_duvessa, uniq_menkaure

Skill      XL: |  1  2  3  4  5  6  7 |
---------------+----------------------+-----
Axes           | 3 4 5 6 8 9 |  9.6
Fighting       | 4 5 6 |  6.9
Armour         | |  3.2
Shields        | |  3.2

Action                     |  1- 3 |  4- 6 |  7- 9 || total
---------------------------+-------+-------+-------++-------
  Melee: War axe           |   122 |   197 |   120 ||   439
    Use: Scroll            |       |     5 |     7 ||    12
         Potion            |       |     1 |     2 ||     3
 Armour: Acid dragon scale |    40 |    46 |    22 ||   108
         Scale mail        |     2 |       |       ||     2
  Dodge: Dodged            |    48 |    82 |    25 ||   155
  Block: Buckler           |    49 |   103 |    30 ||   182
         Reflection        |     2 |     1 |       ||     3

Table legend: (Time is in decaauts)
 A = Elapsed time spent in this place.
 B = Non-inter-level travel time spent in this place.
 C = Inter-level travel time spent in this place.
 D = Time resting spent in this place.
 E = Time spent auto-exploring this place.
 F = Levels seen in this place.
 G = Mean time per level.
                   A        B        C        D        E       F      G
               +--------+--------+--------+--------+--------+-----+--------+
         Total |   4488 |   4256 |    232 |      5 |   3263 |   6 |  748.0 |
       Dungeon |   4488 |   4256 |    232 |      5 |   3263 |   6 |  748.0 |
               +--------+--------+--------+--------+--------+-----+--------+

Top non-repeatable levels by time:
     D:3: 1122 daAuts
     D:2: 1052 daAuts
     D:1: 1042 daAuts
     D:5: 825 daAuts
     D:4: 432 daAuts
     D:6: 14 daAuts
